 Dungeon Crawl Stone Soup version 0.30-a0-778-g2ef04af (webtiles) character file.

Game seed: 2692767312206436512

228 Illumine the Cudgeller (level 6, -4/42 HPs)
             Began as a Gargoyle Fighter on Feb 15, 2023.
             Slain by an ogre
             ... wielding a +0 giant club
              (29 damage)
             ... on level 4 of the Dungeon.
             The game lasted 00:06:06 (2998 turns).

Illumine the Cudgeller (Gargoyle Fighter)           Turns: 2998, Time: 00:06:07

Health: -4/42      AC: 15    Str: 21      XL:     6   Next: 2%
Magic:  6/6        EV:  7    Int:  6 (9)  God:
Gold:   243        SH: 10    Dex:  9      Spells: 5/5 levels left

rFire   . . .      SeeInvis .    a - +0 flail
rCold   . . .      Faith    .    c - +1 buckler
rNeg    + . .      Spirit   .    v - +0 chain mail
rPois   ∞          Reflect  +    (no helmet)
rElec   +          Harm     .    (no cloak)
rCorr   .          Rampage  .    (no gloves)
Will    .....                    (no boots) Stlth
                                 k - amulet of reflection
HPRegen 0.27/turn                (no ring)
MPRegen 0.10/turn                (no ring)

@: no status effects
A: sickness immunity, AC +4, negative energy resistance 1, electricity
resistance, torment resistance 1, petrification resistance, iridescent scales 1,
mutation resistance 1, robust 1
a: no special abilities


You were on level 4 of the Dungeon.
You visited 1 branch of the dungeon, and saw 4 of its levels.

You collected 243 gold pieces.

Inventory:

Hand Weapons
 a - a +0 flail (weapon)
 m - a +0 sling
Missiles
 e - 23 stones
 j - 7 poisoned darts (quivered)
 l - 2 boomerangs
 w - 3 curare-tipped darts
Armour
 c - a +1 buckler (worn)
 v - a +0 chain mail (worn)
Jewellery
 k - an amulet of reflection (around neck)
 y - a +4 ring of slaying
Scrolls
 b - a scroll of amnesia {unknown}
 d - 2 scrolls of enchant armour
 f - 3 scrolls of identify {unknown}
 g - a scroll of vulnerability {unknown}
 h - a scroll of magic mapping
 o - a scroll of fear {unknown}
 r - 2 scrolls of torment {unknown}
 s - 2 scrolls of immolation {unknown}
 u - 2 scrolls of teleportation {unknown}
 x - a scroll of fog {unknown}
Potions
 i - a potion of magic
 n - a potion of brilliance {unknown}
 p - 4 potions of curing {unknown}
 q - 2 potions of berserk rage {unknown}
 t - a potion of invisibility {unknown}
 z - a potion of heal wounds {unknown}


   Skills:
 + Level 4.6 Fighting
 * Level 4.8 Maces & Flails
 - Level 3.2 Armour
 - Level 4.0 Shields


You had 5 spell levels left.
You didn't know any spells.
Your spell library contained the following spells:

 Spells                   Type           Power      Damage    Failure   Level
 Ensorcelled Hibernation  Hex/Ice        0%         N/A       100%        2
 Passwall                 Tmut/Erth      0%         N/A       100%        2
 Ignite Poison            Fire/Tmut/Pois 0%         N/A       100%        3
 Kindle Blastsparks       Fire/Tloc/Air  0%         2d10      100%        3
 Swiftness                Air            0%         N/A       100%        3
 Freezing Cloud           Conj/Ice/Air   0%         6-21      100%        5


Dungeon Overview and Level Annotations

Branches:
Dungeon (4/15)
 Temple: D:4-7

Altars:
Kikubaaqudgha
Vehumet

Annotations:
D:4 2 transporters, Dega's ghost, amateur DsFi


Innate Abilities, Weirdness & Mutations

You are immune to sickness and miasma.
Your stone body is resilient. (AC +4)
You are immune to poison.
You resist negative energy. (rN+)
You are resistant to electric shocks. (rElec)
You are resistant to unholy torment.
You are immune to petrification.
You are partially covered in iridescent scales. (AC +2)
You are somewhat resistant to further mutation.
You are robust. (+10% HP)


Message History

z - a white potion
Found a stone staircase leading up.
Found a club.
There is a stone staircase leading up here.
Found a rapier.
Found a leather armour.
Found 2 green potions and a scroll labelled QYDUCUTHRAJ.
s - 2 scrolls labelled TIENETA FEAFO (gained 1)
p - 4 green potions (gained 2)
y - a +4 ring of slaying You now have 243 gold pieces (gained 13).
Found a stone staircase leading down.
u - 2 scrolls labelled JAOCEEPNI (gained 1)
Found a transporter.
Dega's ghost turns its malevolent gaze towards you.
You hear an angry hiss.
Found a potion of degeneration.
Found a transporter.
An ogre comes into view. It is wielding a +0 giant club.
Throw: 8 darts (poison)
Press: ? - help, Q - select action, (/) - cycle Shift-Dir - straight line, f - ogre
Aim: an ogre, wielding a +0 giant club (72% to hit)
You throw a poisoned dart. The poisoned dart hits the ogre.
You sock the ogre!
The ogre is heavily wounded.
You block the ogre's attack.
You hit the ogre but do no damage.
The ogre is heavily wounded.
The ogre hits you with a +0 giant club.
You barely miss the ogre.
The ogre is heavily wounded.
Dega's ghost shrieks, "You must not fail where I succeeded!"
You hit the ogre.
The ogre is severely wounded.
The ogre hits you with a +0 giant club!
You hit the ogre.
The ogre is almost dead.
The ogre hits you with a +0 giant club!!
Ouch! That really hurt!
You die...

.......###.#####
##.............##
#...............#
....#########...#
#..##?......##..#
#..#8.#...#/8#..#
...#...#.#...#..#
...#........s#..##
..©#[...©...S#©.@#
#..#).......W#.!O#
#..#...#.#...#..(#
#..#8.#...#.8#...#
#..##$.....©##...#
....#########....#
#................#
##...............#
##....##..


You could see an ogre, a scorpion, Dega's ghost and a ball python.

Vanquished Creatures
  Jessica (D:2)
  An iguana (D:3)
  Terence (D:3)
  Robin (D:2)
  4 adders
  A shadow imp (D:4)
  A white imp (D:4)
  2 worms
  A dart slug (D:2)
  4 bats
  9 endoplasms
  4 giant cockroaches
  11 goblins
  12 hobgoblins
  4 jackals
  6 kobolds
  7 quokkas
  3 ball pythons
  3 frilled lizards
  2 rats
78 creatures vanquished.

Notes
Turn   | Place    | Note
-------+----------+-------------------------------------------
     0 | D:1      | Illumine the Gargoyle Fighter began the quest for the Orb.
     0 | D:1      | Reached XP level 1. HP: 14/14 MP: 1/1
   119 | D:1      | Reached XP level 2. HP: 19/19 MP: 2/2
   412 | D:1      | Reached XP level 3. HP: 22/23 MP: 3/3
   462 | D:1      | Found a faded altar of an unknown god.
   923 | D:2      | Reached XP level 4. HP: 29/29 MP: 4/4
  1079 | D:2      | Noticed Robin
  1102 | D:2      | Gained mutation: You are robust. (+10% HP) [potion of
                  | mutation]
  1102 | D:2      | Gained mutation: You are partially covered in iridescent
                  | scales. (AC +2) [potion of mutation]
  1102 | D:2      | Gained mutation: You are somewhat resistant to further
                  | mutation. [potion of mutation]
  1113 | D:2      | Killed Robin
  1325 | D:2      | Noticed Jessica
  1328 | D:2      | Killed Jessica
  1329 | D:2      | Reached XP level 5. HP: 36/36 MP: 5/5
  2252 | D:3      | Found a radiant altar of Vehumet.
  2259 | D:3      | Noticed Terence
  2285 | D:3      | Killed Terence
  2838 | D:4      | Found an ancient bone altar of Kikubaaqudgha.
  2881 | D:4      | Reached XP level 6. HP: 42/42 MP: 6/6
  2984 | D:4      | Found a transporter.
  2984 | D:4      | Noticed Dega's ghost (amateur DsFi)
  2989 | D:4      | Found a transporter.
  2998 | D:4      | Slain by an ogre

Illustrated notes

Levels and vault maps discovered:
D:1:      dpeg_arrival_brainrot, layout_rooms,
          dilly_ecumenical_altar_fadedgnrine, nicolae_eternal_life
D:2:      layout_loops_ring, serial_rivers, chequers_serial_rivers_large_b,
          chequers_serial_rivers_small_a, chequers_serial_rivers_small_3,
          chequers_serial_rivers_micro_d, chequers_serial_rivers_small_3,
          chequers_serial_rivers_micro_e, uniq_jessica, uniq_robin
D:3:      layout_loops_cross, nicolae_vehumet_altar_sigil, uniq_terence
D:4:      layout_rooms, nicolae_overflow_hidden_temple, elyvilon_altar_3,
          gammafunk_ghost_arena

Skill      XL: |  1  2  3  4  5 |
---------------+----------------+-----
Maces & Flails | 3 4 |  4.8
Shields        | 4 |  4.0
Fighting       | 4 |  4.6
Armour         | |  3.2

Action                     |  1- 3 |  4- 6 || total
---------------------------+-------+-------++-------
  Melee: Flail             |   118 |   167 ||   285
  Throw: Stone             |     5 |       ||     5
         Dart              |       |     4 ||     4
    Use: Potion            |       |     4 ||     4
         Scroll            |       |     2 ||     2
 Armour: Scale mail        |    71 |    53 ||   124
         Chain mail        |       |     5 ||     5
  Dodge: Dodged            |    43 |    69 ||   112
  Block: Buckler           |    30 |    86 ||   116
         Reflection        |       |     1 ||     1

Table legend: (Time is in decaauts)
 A = Elapsed time spent in this place.
 B = Non-inter-level travel time spent in this place.
 C = Inter-level travel time spent in this place.
 D = Time resting spent in this place.
 E = Time spent auto-exploring this place.
 F = Levels seen in this place.
 G = Mean time per level.
                   A        B        C        D        E       F      G
               +--------+--------+--------+--------+--------+-----+--------+
         Total |   3111 |   3024 |     87 |    244 |   2025 |   4 |  777.8 |
       Dungeon |   3111 |   3024 |     87 |    244 |   2025 |   4 |  777.8 |
               +--------+--------+--------+--------+--------+-----+--------+

Top non-repeatable levels by time:
     D:2: 1175 daAuts
     D:3: 851 daAuts
     D:1: 806 daAuts
     D:4: 278 daAuts
